 Dungeon Crawl Stone Soup version 0.32-a0-868-g153ae1a8d6 (webtiles) character file.

Game seed: 14183832628774699968

354 Biggs the Shooter (level 6, 0/44 HPs)
             Began as a Coglin Hunter on Mar 28, 2024.
             Slain by Duvessa
             ... wielding a +0 short sword
              (16 damage)
             ... on level 5 of the Dungeon.
             The game lasted 00:03:29 (2345 turns).

Biggs the Shooter (Coglin Hunter)                   Turns: 2345, Time: 00:03:29

Health: 0/44       AC:  6    Str: 11    XL:     6   Next: 62%
Magic:  6/6        EV: 10    Int:  8    God:
Gold:   104        SH:  0    Dex: 20    Spells: 5/5 levels left

rFire   . . .        a - +2 sling {Kendra}
rCold   . . .        d - +0 sling {Anneliese}
rNeg    . . .        l - +0 ring mail
rPois   .            m - +0 helmet
rElec   .            (no cloak)
rCorr   .            (no gloves)
SInv    .            (no boots)
Will    .....        (amulet unavailable)
Stlth   +            (ring unavailable)
HPRegen 0.27/turn    (ring unavailable)
MPRegen 0.10/turn    (no gizmo)

%: no passive effects
@: revved
A: off-hand wielding, slow wielding, warmup strikes, no jewellery
a: Invent Gizmo


You were on level 5 of the Dungeon.
You visited 1 branch of the dungeon, and saw 5 of its levels.

You collected 104 gold pieces.

Inventory:

Hand Weapons
 a - a +2 sling (weapon) {Kendra}
 d - a +0 sling (offhand) {Anneliese}
Armour
 c - a +0 leather armour
 l - a +0 ring mail (worn)
 m - a +0 helmet (worn)
Scrolls
 b - a scroll of butterflies
 e - 5 scrolls of teleportation {unknown}
 f - 4 scrolls of identify {unknown}
 k - 3 scrolls of poison {unknown}
 n - 2 scrolls of vulnerability {unknown}
 o - a scroll of torment {unknown}
 q - a scroll of amnesia {unknown}
Potions
 g - a potion of curing {unknown}
 h - a potion of ambrosia {unknown}
 i - a potion of invisibility {unknown}
 j - 2 potions of attraction {unknown}
 p - 2 potions of lignification {unknown}


   Skills:
 - Level 2.0 Fighting
 + Level 7.0 Ranged Weapons
 - Level 1.7 Dodging
 - Level 0.7 Stealth


You had 5 spell levels left.
You didn't know any spells.
Your spell library was empty.

Dungeon Overview and Level Annotations

Branches:
Dungeon (5/15)
 Temple: D:4-7

Altars:
Hepliaklqana

Annotations:
D:3 1 runed translucent door, Crazy Yiuf
D:5 Duvessa


Innate Abilities, Weirdness & Mutations

You can wield a second weapon in your off-hand.
It takes a long time for you to wield or remove held weapons.
Your first few attacks do less damage.
You cannot equip rings or amulets.


Message History

Unknown command.
No target in view!
Unknown command.
You see here the +11 whip of the Toadstool {vamp, rF+ rN+ rCorr Str+3}.
Duvessa, Sister of Dowan comes into view.
She is wielding a +0 short sword.
Duvessa is nearby!
You shoot a sling bullet. The sling bullet barely misses Duvessa.
You shoot a sling bullet. The sling bullet barely misses Duvessa.
Duvessa shouts!
Duvessa goes berserk!
Unknown command.
You shoot a sling bullet.
The sling bullet hits Duvessa but does no damage.
You shoot a sling bullet.
The sling bullet hits Duvessa but does no damage.
Unknown command.
Unknown command.
Unknown command.
You shoot a sling bullet.
The sling bullet completely misses Duvessa.
You shoot a sling bullet. The sling bullet barely misses Duvessa.
Duvessa misses you. Duvessa barely misses you.
Duvessa hits you with a +0 short sword!
There is a stone staircase leading down, spattered with blood here.
Unknown command.
Duvessa hits you with a +0 short sword.
You climb downwards.
There is a stone staircase leading up here.
Unknown command.
You shoot a sling bullet.
The sling bullet closely misses Duvessa.
You shoot a sling bullet. The sling bullet barely misses Duvessa.
Duvessa hits you with a +0 short sword! Duvessa misses you.
Unknown command.
You shoot a sling bullet.
The sling bullet closely misses Duvessa.
You shoot a sling bullet.
The sling bullet hits Duvessa but does no damage.
Duvessa hits you with a +0 short sword! x2
You die...

####
...
##e###
#@...#
##.#.#
.# .#
.# .#
.. ##


You could see Duvessa (berserk).

Vanquished Creatures
  A black bear (D:4)
  Dowan (D:4)
  4 bombardier beetles
  2 adders (D:2)
  A ribbon worm (D:2)
  2 dart slugs
  5 bats
  5 endoplasms
  3 giant cockroaches
  2 goblins
  7 hobgoblins
  5 kobolds
  2 quokkas
  6 ball pythons
  6 frilled lizards
  12 rats
64 creatures vanquished.

Notes
Turn   | Place    | Note
-------+----------+-------------------------------------------
     0 | D:1      | Biggs the Coglin Hunter began the quest for the Orb.
     0 | D:1      | Reached XP level 1. HP: 16/16 MP: 1/1
   264 | D:1      | Reached skill level 4 in Ranged Weapons
   264 | D:1      | Reached XP level 2. HP: 22/22 MP: 2/2
   782 | D:2      | Reached XP level 3. HP: 15/27 MP: 3/3
   948 | D:2      | Identified the +7 mace "Anar" {venom, Dex+5}
  1162 | D:2      | Reached skill level 5 in Ranged Weapons
  1162 | D:2      | Reached XP level 4. HP: 33/33 MP: 4/4
  1474 | D:3      | Identified the +2 sling "Goblinslayer" {flame, rN+ Str+4
                  | Dex-5 SInv}
  1668 | D:3      | Found a hazy altar of Hepliaklqana.
  1858 | D:3      | Found a faded altar of an unknown god.
  1990 | D:3      | Found a runed translucent door.
  1991 | D:3      | Noticed Crazy Yiuf
  2089 | D:4      | Reached XP level 5. HP: 38/38 MP: 5/5
  2215 | D:4      | Reached skill level 6 in Ranged Weapons
  2250 | D:4      | Noticed a black bear
  2256 | D:4      | Killed a black bear
  2257 | D:4      | Reached XP level 6. HP: 35/44 MP: 6/6
  2298 | D:4      | Identified the +11 whip of the Toadstool {vamp, rF+ rN+
                  | rCorr Str+3}
  2303 | D:4      | Noticed Dowan
  2309 | D:4      | Killed Dowan
  2310 | D:4      | Reached skill level 7 in Ranged Weapons
  2336 | D:4      | Noticed Duvessa
  2343 | D:5      | Entered Level 5 of the Dungeon
  2345 | D:5      | Slain by Duvessa

Illustrated notes

Levels and vault maps discovered:
D:1:      dpeg_arrival_ratfight, layout_basic, serial_park_tiny_2
D:2:      layout_rooms
D:3:      layout_rooms, nicolae_overflow_crystal_walls,
          chequers_ecumenical_altar_lobes, kennysheep_nondescript,
          kennysheep_generic_room_9, uniq_crazy_yiuf_cottage
D:4:      layout_gridville, uniq_duvessa
D:5:      nicolae_cairo_tiling, layout_basic, mainiacjoe_overflow_paths,
          minmay_liquid_box, uniq_eustachio

Skill      XL: |  1  2  3  4  5  6 |
---------------+-------------------+-----
Ranged Weapons | 4 5 6 7 |  7.0
Fighting       | |  2.0
Dodging        | |  1.7
Stealth        | |  0.7

Action                     |  1- 3 |  4- 6 || total
---------------------------+-------+-------++-------
   Fire: Sling             |   164 |   166 ||   330
 Armour: Leather armour    |    18 |       ||    18
         Ring mail         |       |     7 ||     7
  Dodge: Dodged            |    13 |     4 ||    17

Table legend: (Time is in decaauts)
 A = Elapsed time spent in this place.
 B = Non-inter-level travel time spent in this place.
 C = Inter-level travel time spent in this place.
 D = Time resting spent in this place.
 E = Time spent auto-exploring this place.
 F = Levels seen in this place.
 G = Mean time per level.
                   A        B        C        D        E       F      G
               +--------+--------+--------+--------+--------+-----+--------+
         Total |   2383 |   2258 |    125 |      0 |   1901 |   5 |  476.6 |
       Dungeon |   2383 |   2258 |    125 |      0 |   1901 |   5 |  476.6 |
               +--------+--------+--------+--------+--------+-----+--------+

Top non-repeatable levels by time:
     D:1: 786 daAuts
     D:2: 673 daAuts
     D:3: 598 daAuts
     D:4: 322 daAuts
     D:5: 2 daAuts
